TOP OF THE 1ST |
Blueville 83's batting - Pitching for Tuscaloosa Trout Slayers : RHP Ronald Adams
|
Pitching: RHP Ronald Adams
|
|
Batting: RHB Earl Conrad
|
0-0: Ball 1-0: Called Strike 1-1: Swinging Strike 1-2: Foul Ball, location: 2F 1-2: DOUBLE (Line Drive, 5L)
|
Batting: LHB David Richardson
|
0-0: Swinging Strike 0-1: Swinging Strike 0-2: Ball 1-2: Ball 2-2: Ball 3-2: Foul Ball, location: 2F 3-2: Foul Ball, location: 2F 3-2: Base on Balls
|
Batting: RHB Naomichi Aoki
|
0-0: Foul Ball, location: 2F 0-1: Swinging Strike 0-2: Foul Ball, location: 2F 0-2: Foul Ball, location: 2F 0-2: Foul Ball, location: 2F 0-2: Foul Ball, location: 2F 0-2: Ball 1-2: Foul Ball, location: 2F 1-2: Ball 2-2: Fly out, F8 (Flyball, 8LD)
|
Batting: RHB Juan Costello
|
0-0: Fielders Choice at 2nd, 3-6 (Groundball, 3) Earl Conrad to third
|
Batting: RHB Gernot Renner
|
0-0: Called Strike 0-1: Ball 1-1: Foul Ball, location: 2F 1-2: Fly out, F8 (Flyball, 8LM)
|
Top of the 1st over - 0 run(s), 1 hit(s), 0 error(s), 2 left on base; Blueville 0 - Tuscaloosa 0 |
BOTTOM OF THE 1ST |
Tuscaloosa Trout Slayers batting - Pitching for Blueville 83's : RHP Félix Rivera
|
Pitching: RHP Félix Rivera
|
|
Batting: RHB Lawrence Yates
|
0-0: Ball 1-0: Ball 2-0: Foul Ball, location: 2F 2-1: Foul Ball, location: 2F 2-2: Ball 3-2: DOUBLE (Line Drive, 3D)
|
Batting: RHB Ryan McBride
|
0-0: Called Strike 0-1: DOUBLE (Line Drive, 78D) Lawrence Yates scores
|
Batting: LHB Albert Morgan
|
0-0: Ball 1-0: Ground out 6-3 (Groundball, 6M) Ryan McBride to third
|
Batting: RHB Tetsunori Ito
|
0-0: Fly out, F9 (Flyball, 89S)
|
Batting: LHB Marcos Villarreal
|
0-0: SINGLE (Line Drive, 6MD) Ryan McBride scores
|
Batting: LHB Ricardo Berroa
|
0-0: Called Strike 0-1: Ball 1-1: Ball 2-1: Called Strike 2-2: Strikes out swinging
|
Bottom of the 1st over - 2 run(s), 3 hit(s), 0 error(s), 1 left on base; Blueville 0 - Tuscaloosa 2 |
TOP OF THE 2ND |
Blueville 83's batting - Pitching for Tuscaloosa Trout Slayers : RHP Ronald Adams
|
Batting: RHB Bryce Hester
|
0-0: Ball 1-0: Ball 2-0: SINGLE (Groundball, 56)
|
Batting: RHB Matt Perkins
|
0-0: Ball 1-0: SINGLE (Groundball, 4MD) Bryce Hester to second
|
Batting: LHB Júlio Velásquez
|
0-0: Ball 1-0: Ball 2-0: Called Strike 2-1: Foul Ball, location: 2F 2-2: Ball 3-2: Strikes out swinging
|
Batting: LHB Robbie McLaughlin
|
0-0: Foul Ball, location: 2F 0-1: Foul Ball, location: 2F 0-2: Ball 1-2: Strikes out swinging
|
Batting: RHB Earl Conrad
|
0-0: Ball 1-0: Called Strike 1-1: Foul Ball, location: 2F 1-2: Foul Ball, location: 2F 1-2: Strikes out swinging
|
Top of the 2nd over - 0 run(s), 2 hit(s), 0 error(s), 2 left on base; Blueville 0 - Tuscaloosa 2 |
BOTTOM OF THE 2ND |
Tuscaloosa Trout Slayers batting - Pitching for Blueville 83's : RHP Félix Rivera
|
Batting: RHB Dave Hall
|
0-0: Foul Ball, location: 2F 0-1: Ball 1-1: Foul Ball, location: 2F 1-2: Ground out 6-3 (Groundball, 6)
|
Batting: RHB Jason Erickson
|
0-0: Fly out, F4 (Line Drive, 4)
|
Batting: RHB Jason Saunders
|
0-0: Called Strike 0-1: Ball 1-1: Ball 2-1: Swinging Strike 2-2: Ball 3-2: Base on Balls
|
Batting: RHB Lawrence Yates
|
0-0: Called Strike 0-1: Ball 1-1: Ball 2-1: Ball 3-1: Ground out U3 (Groundball, 3L)
|
Bottom of the 2nd over - 0 run(s), 0 hit(s), 0 error(s), 1 left on base; Blueville 0 - Tuscaloosa 2 |
TOP OF THE 3RD |
Blueville 83's batting - Pitching for Tuscaloosa Trout Slayers : RHP Ronald Adams
|
Batting: LHB David Richardson
|
0-0: Ball 1-0: Called Strike 1-1: Bunt for hit - play at first, batter OUT! 2-3
|
Batting: RHB Naomichi Aoki
|
0-0: Foul Ball, location: 2F 0-1: Ball 1-1: Called Strike 1-2: Ball 2-2: Ball 3-2: Strikes out looking
|
Batting: RHB Juan Costello
|
0-0: Called Strike 0-1: Swinging Strike 0-2: Ball 1-2: Strikes out swinging
|
Top of the 3rd over - 0 run(s), 0 hit(s), 0 error(s), 0 left on base; Blueville 0 - Tuscaloosa 2 |
BOTTOM OF THE 3RD |
Tuscaloosa Trout Slayers batting - Pitching for Blueville 83's : RHP Félix Rivera
|
Batting: RHB Ryan McBride
|
0-0: Fly out, F7 (Flyball, 78M)
|
Batting: LHB Albert Morgan
|
0-0: Ball 1-0: Ball 2-0: Called Strike 2-1: Ball 3-1: Foul Ball, location: 2F 3-2: Base on Balls
|
Batting: RHB Tetsunori Ito
|
0-0: Foul Ball, location: 2F 0-1: Ball 1-1: Ground out 6-3 (Groundball, 6MS) Albert Morgan to second
|
Batting: LHB Marcos Villarreal
|
0-0: Ball 1-0: Foul Ball, location: 2F 1-1: Fly out, F7 (Flyball, 78M)
|
Bottom of the 3rd over - 0 run(s), 0 hit(s), 0 error(s), 1 left on base; Blueville 0 - Tuscaloosa 2 |
TOP OF THE 4TH |
Blueville 83's batting - Pitching for Tuscaloosa Trout Slayers : RHP Ronald Adams
|
Batting: RHB Gernot Renner
|
0-0: Ball 1-0: Ball 2-0: Ground out 5-3 (Groundball, 5S)
|
Batting: RHB Bryce Hester
|
0-0: Ball 1-0: Ball 2-0: Ball 3-0: Called Strike 3-1: Base on Balls
|
Batting: RHB Matt Perkins
|
0-0: Called Strike 0-1: Ball 1-1: Ball 2-1: Ball 3-1: Called Strike 3-2: Foul Ball, location: 2F 3-2: Base on Balls Bryce Hester to second
|
Batting: LHB Júlio Velásquez
|
0-0: Called Strike 0-1: Swinging Strike 0-2: Fly out, F8 (Flyball, 8LM)
|
Batting: LHB Robbie McLaughlin
|
0-0: Foul Ball, location: 2F 0-1: Foul Ball, location: 2F 0-2: Ball 1-2: Ball 2-2: Foul Ball, location: 2F 2-2: Ball 3-2: Foul Ball, location: 2F 3-2: Ground out 1-3 (Groundball, 13)
|
Top of the 4th over - 0 run(s), 0 hit(s), 0 error(s), 2 left on base; Blueville 0 - Tuscaloosa 2 |
BOTTOM OF THE 4TH |
Tuscaloosa Trout Slayers batting - Pitching for Blueville 83's : RHP Félix Rivera
|
Batting: LHB Ricardo Berroa
|
0-0: Ball 1-0: Ball 2-0: Ball 3-0: SINGLE (Flyball, 8RS)
|
Batting: RHB Dave Hall
|
0-0: Called Strike 0-1: Called Strike 0-2: Foul Ball, location: 2F 0-2: Strikes out looking
|
Batting: RHB Jason Erickson
|
0-0: Swinging Strike 0-1: Fly out, F9 (Line Drive, 9M)
|
Batting: RHB Jason Saunders
|
0-0: Called Strike 0-1: Ball 1-1: Ball 2-1: Fly out, F8 (Flyball, 8RM)
|
Bottom of the 4th over - 0 run(s), 1 hit(s), 0 error(s), 1 left on base; Blueville 0 - Tuscaloosa 2 |
TOP OF THE 5TH |
Blueville 83's batting - Pitching for Tuscaloosa Trout Slayers : RHP Ronald Adams
|
Batting: RHB Earl Conrad
|
0-0: Called Strike 0-1: Ball 1-1: Ball 2-1: Foul Ball, location: 2F 2-2: Ball 3-2: Ground out 4-3 (Groundball, 4)
|
Batting: LHB David Richardson
|
0-0: Ball 1-0: SINGLE (Line Drive, 89S)
|
Pitching: RHP Alfonso Martínez
|
|
Batting: RHB Naomichi Aoki
|
0-0: Ball David Richardson is caught stealing 2nd base 1-0: Called Strike 1-1: Called Strike 1-2: Ball 2-2: Ball 3-2: Base on Balls
|
Batting: RHB Juan Costello
|
0-0: Ball 1-0: Swinging Strike 1-1: Ball 2-1: Foul Ball, location: 2F 2-2: Ground out 1-3 (Groundball, 23)
|
Top of the 5th over - 0 run(s), 1 hit(s), 0 error(s), 1 left on base; Blueville 0 - Tuscaloosa 2 |
BOTTOM OF THE 5TH |
Tuscaloosa Trout Slayers batting - Pitching for Blueville 83's : RHP Félix Rivera
|
Batting: RHB Lawrence Yates
|
0-0: Called Strike 0-1: Foul Ball, location: 2F 0-2: Ball 1-2: Ball 2-2: Ball 3-2: Foul Ball, location: 2F 3-2: Fly out, F3 (Line Drive, 3)
|
Batting: RHB Ryan McBride
|
0-0: Called Strike 0-1: Ball 1-1: Fly out, F7 (Line Drive, 7LM)
|
Batting: LHB Albert Morgan
|
0-0: Called Strike 0-1: Ball 1-1: TRIPLE (Flyball, 89M)
|
Pitching: RHP Cody White
|
|
Batting: RHB Tetsunori Ito
|
0-0: Ball 1-0: Called Strike 1-1: Foul Ball, location: 2F 1-2: Strikes out looking
|
Bottom of the 5th over - 0 run(s), 1 hit(s), 0 error(s), 1 left on base; Blueville 0 - Tuscaloosa 2 |
TOP OF THE 6TH |
Blueville 83's batting - Pitching for Tuscaloosa Trout Slayers : RHP Alfonso Martínez
|
Batting: RHB Gernot Renner
|
0-0: Ball 1-0: Foul Ball, location: 2F 1-1: Ball 2-1: SOLO HOME RUN (Flyball, 7LD), Distance : 350 ft
|
Batting: RHB Bryce Hester
|
0-0: Called Strike 0-1: Called Strike 0-2: Ball 1-2: Ball 2-2: Ball 3-2: Base on Balls
|
Batting: RHB Matt Perkins
|
0-0: Ball 1-0: Called Strike 1-1: Foul Ball, location: 2F 1-2: Foul Ball, location: 2F 1-2: 2-RUN HOME RUN (Flyball, 89XD), Distance : 407 ft
|
Pitching: RHP Rafael Ramírez
|
|
Batting: LHB Júlio Velásquez
|
0-0: Ball 1-0: Foul Ball, location: 2F 1-1: Ball 2-1: Called Strike 2-2: Foul Ball, location: 2F 2-2: Ball 3-2: Foul Ball, location: 2F 3-2: Strikes out swinging wild pitch, reaches first!
|
Batting: LHB Robbie McLaughlin
|
0-0: Ball 1-0: Called Strike 1-1: Foul Ball, location: 2F 1-2: Strikes out swinging
|
Batting: RHB Earl Conrad
|
0-0: Ball 1-0: Ball 2-0: Ball 3-0: Base on Balls Júlio Velásquez to second
|
Batting: LHB David Richardson
|
0-0: Called Strike Júlio Velásquez is caught stealing 3rd base Earl Conrad to second 0-1: Foul Ball, location: 2F 0-2: Foul Ball, location: 2F 0-2: Strikes out swinging
|
Top of the 6th over - 3 run(s), 2 hit(s), 0 error(s), 1 left on base; Blueville 3 - Tuscaloosa 2 |
BOTTOM OF THE 6TH |
Tuscaloosa Trout Slayers batting - Pitching for Blueville 83's : RHP Cody White
|
Batting: LHB Marcos Villarreal
|
0-0: Ball 1-0: Foul Ball, location: 2F 1-1: Ball 2-1: Ball 3-1: SOLO HOME RUN (Flyball, 9D), Distance : 402 ft
|
Batting: LHB Ricardo Berroa
|
0-0: Called Strike 0-1: Foul Ball, location: 2F 0-2: Ball 1-2: Foul Ball, location: 2F 1-2: Ground out 4-3 (Groundball, 4M)
|
Batting: RHB Dave Hall
|
0-0: Called Strike 0-1: Foul Ball, location: 2F 0-2: Foul Ball, location: 2F 0-2: Strikes out swinging
|
Batting: RHB Jason Erickson
|
0-0: Ball 1-0: Ground out 6-3 (Groundball, 6)
|
Bottom of the 6th over - 1 run(s), 1 hit(s), 0 error(s), 0 left on base; Blueville 3 - Tuscaloosa 3 |
TOP OF THE 7TH |
Blueville 83's batting - Pitching for Tuscaloosa Trout Slayers : RHP Rafael Ramírez
|
Batting: RHB Naomichi Aoki
|
0-0: Swinging Strike 0-1: Called Strike 0-2: Strikes out looking
|
Pinch Hitting: LHB Ricardo Romero
|
0-0: Foul Ball, location: 2F 0-1: Ball 1-1: Ball 2-1: Swinging Strike 2-2: Ball 3-2: Base on Balls
|
Batting: RHB Gernot Renner
|
0-0: Ball 1-0: Ball 2-0: Called Strike 2-1: Grounds into double play, 5-4-3 (Groundball, 56)
|
Top of the 7th over - 0 run(s), 0 hit(s), 0 error(s), 0 left on base; Blueville 3 - Tuscaloosa 3 |
BOTTOM OF THE 7TH |
Tuscaloosa Trout Slayers batting - Pitching for Blueville 83's : RHP Cody White
|
Now at 3B: Ricardo Romero
|
|
Pinch Hitting: LHB Ed Hart
|
0-0: Called Strike 0-1: Ground out 6-3 (Groundball, 6M)
|
Pinch Hitting: LHB Miguel Rosa
|
0-0: Foul Ball, location: 2F 0-1: Ball 1-1: Ball 2-1: Ball 3-1: Base on Balls
|
Batting: RHB Ryan McBride
|
0-0: Called Strike 0-1: Called Strike 0-2: SINGLE (Groundball, 6MD) Miguel Rosa to second
|
Batting: LHB Albert Morgan
|
0-0: Ball 1-0: Foul Ball, location: 2F 1-1: Ball 2-1: Ball 3-1: Grounds into double play, U4-3 (Groundball, 4)
|
Bottom of the 7th over - 0 run(s), 1 hit(s), 0 error(s), 1 left on base; Blueville 3 - Tuscaloosa 3 |
TOP OF THE 8TH |
Blueville 83's batting - Pitching for Tuscaloosa Trout Slayers : RHP Rafael Ramírez
|
Pitching: LHP Claude Pinard
|
|
Now at SS: Wilford Lush
|
|
Now in CF: Lowie van den Bogaert
|
|
Pinch Hitting: RHB Fernando Díaz
|
0-0: SOLO HOME RUN (Flyball, 7D), Distance : 349 ft
|
Batting: RHB Matt Perkins
|
0-0: Swinging Strike 0-1: Ball 1-1: Ball 2-1: SINGLE (Groundball, 25) (infield hit)
|
Pinch Hitting: RHB Juan Jose Guevana
|
0-0: Ball 1-0: Fly out, F9 (Flyball, 9M)
|
Pinch Hitting: RHB José Baca
|
0-0: Called Strike 0-1: Ball 1-1: Ball 2-1: Ball 3-1: SINGLE (Line Drive, 56D) Matt Perkins to second
|
Batting: RHB Earl Conrad
|
0-0: Ball 1-0: Ball 2-0: Foul Ball, location: 2F 2-1: Ball 3-1: Foul Ball, location: 2F 3-2: Base on Balls Matt Perkins to third José Baca to second
|
Pinch Hitting: RHB Jorge Rodríguez
|
0-0: Foul Ball, location: 2F 0-1: Foul Ball, location: 2F 0-2: Ball 1-2: Ball 2-2: Ball 3-2: Fly out, F8 (Line Drive, 8LD) Runner from 3rd tags up, SCORES, no throw José Baca to third
|
Batting: RHB Naomichi Aoki
|
0-0: Ball 1-0: Ball 2-0: Ball 3-0: Fielders Choice at 2nd, U6 (Groundball, 6M)
|
Top of the 8th over - 2 run(s), 3 hit(s), 0 error(s), 2 left on base; Blueville 5 - Tuscaloosa 3 |
BOTTOM OF THE 8TH |
Tuscaloosa Trout Slayers batting - Pitching for Blueville 83's : RHP Cody White
|
Now at 1B: Juan Jose Guevana
|
|
Now at 2B: Carlos Carrillo
|
|
Now in LF: Jorge Rodríguez
|
|
Now in RF: José Estrada
|
|
Batting: RHB Tetsunori Ito
|
0-0: Ball 1-0: Ground out 3-1 (Groundball, 34)
|
Batting: LHB Marcos Villarreal
|
0-0: Ball 1-0: Foul Ball, location: 2F 1-1: Ball 2-1: Ball 3-1: Foul Ball, location: 2F 3-2: Foul Ball, location: 2F 3-2: Strikes out looking
|
Batting: LHB Ricardo Berroa
|
0-0: Ball 1-0: Swinging Strike 1-1: Swinging Strike 1-2: Strikes out swinging
|
Bottom of the 8th over - 0 run(s), 0 hit(s), 0 error(s), 0 left on base; Blueville 5 - Tuscaloosa 3 |
TOP OF THE 9TH |
Blueville 83's batting - Pitching for Tuscaloosa Trout Slayers : LHP Claude Pinard
|
Batting: LHB Ricardo Romero
|
0-0: Ball 1-0: Swinging Strike 1-1: Foul Ball, location: 2F 1-2: Ball 2-2: Ball 3-2: Foul Ball, location: 2F 3-2: DOUBLE (Groundball, 3L)
|
Batting: RHB Gernot Renner
|
0-0: Intentional Walk
|
Pitching: LHP Luis López
|
|
Batting: RHB Carlos Carrillo
|
0-0: SINGLE (Flyball, 3D) Ricardo Romero to third Gernot Renner to second
|
Batting: RHB Matt Perkins
|
0-0: Called Strike 0-1: Ball 1-1: Foul Ball, location: 2F 1-2: Ball 2-2: Fly out, F8 (Line Drive, 8RS)
|
Batting: RHB Juan Jose Guevana
|
0-0: Called Strike 0-1: Ball 1-1: Called Strike 1-2: Ball 2-2: Foul Ball, location: 2F 2-2: Strikes out swinging
|
Batting: RHB José Estrada
|
0-0: Fielders Choice at 2nd, 6-4 (Groundball, 6)
|
Top of the 9th over - 0 run(s), 2 hit(s), 0 error(s), 2 left on base; Blueville 5 - Tuscaloosa 3 |
BOTTOM OF THE 9TH |
Tuscaloosa Trout Slayers batting - Pitching for Blueville 83's : RHP Cody White
|
Pitching: LHP Carlos Thomas
|
|
Batting: RHB Dave Hall
|
0-0: Ball 1-0: Called Strike 1-1: Foul Ball, location: 2F 1-2: Fly out, F9 (Flyball, 9S)
|
Batting: RHB Jason Erickson
|
0-0: Ball 1-0: Foul Ball, location: 2F 1-1: Foul Ball, location: 2F 1-2: Foul Ball, location: 2F 1-2: Ball 2-2: Reached on error, E5 (Groundball, 5S)
|
Batting: RHB Lowie van den Bogaert
|
0-0: SINGLE (Line Drive, 4M) Jason Erickson to third
|
Pinch Hitting: RHB José Fernández
|
0-0: Ball 1-0: Ball 2-0: SINGLE (Groundball, 6MD) Jason Erickson scores Lowie van den Bogaert to second
|
Batting: RHB Ryan McBride
|
0-0: Ball 1-0: Called Strike 1-1: Grounds into double play, 4-6-3 (Groundball, 34)
|
Bottom of the 9th over - 1 run(s), 2 hit(s), 1 error(s), 1 left on base; Blueville 5 - Tuscaloosa 4 |
|